 Dungeon Crawl Stone Soup version 0.31-a0-204-g7da18cac08 (webtiles) character file.

Game seed: 995350335780802436

70 coffeetime the Shooter (level 4, -2/37 HPs)
             Began as a Minotaur Hunter on June 28, 2023.
             Slain by a gnoll
             ... wielding a +0 flail
              (11 damage)
             ... on level 3 of the Dungeon.
             The game lasted 00:10:36 (1336 turns).

coffeetime the Shooter (Minotaur Hunter)            Turns: 1336, Time: 00:10:37

Health: -2/37      AC:  5    Str: 15    XL:     4   Next: 4%
Magic:  3/3        EV: 11    Int:  6    God:
Gold:   121        SH:  0    Dex: 16    Spells: 3/3 levels left

rFire   . . .        j - +0 mace
rCold   . . .        (no shield)
rNeg    . . .        e - +0 ring mail
rPois   .            (helmet restricted)
rElec   .            (no cloak)
rCorr   .            (no gloves)
SInv    .            (no boots)
Will    .....        (no amulet)
Stlth   +            (no ring)
HPRegen 0.26/turn    (no ring)
MPRegen 0.08/turn

%: no passive effects
@: no status effects
A: horns 2, retaliatory headbutt
a: no special abilities


You were on level 3 of the Dungeon.
You visited 1 branch of the dungeon, and saw 3 of its levels.

You collected 121 gold pieces.

Inventory:

Hand Weapons
 a - a +0 shortbow
 d - a +0 club
 f - a +0 dagger
 j - a +0 mace (weapon)
Armour
 c - a +0 leather armour
 e - a +0 ring mail (worn)
Jewellery
 g - an amulet of faith
 k - a ring of protection from cold
Scrolls
 b - a scroll of butterflies
 m - a scroll of poison {unknown}
 n - a scroll of teleportation {unknown}
 p - a scroll of amnesia {unknown}
 q - a scroll of acquirement {unknown}
Potions
 h - 2 potions of degeneration {unknown}
 i - a potion of enlightenment {unknown}
 l - a potion of curing {unknown}
 o - a potion of heal wounds {unknown}


   Skills:
 + Level 2.8 Fighting
 + Level 0.2 Maces & Flails
 + Level 5.8 Ranged Weapons
 + Level 1.0 Armour
 + Level 2.3 Dodging
 + Level 0.7 Stealth


You had 3 spell levels left.
You didn't know any spells.
Your spell library contained the following spells:

 Spells                   Type           Power      Damage    Failure   Level
 Dazzling Flash           Conj/Hex       0%         N/A       96%         3
 Volatile Blastmotes      Fire/Tloc      0%         2d10      96%         3
 Iskenderun's Mystic Bla  Conj/Tloc      0%         2d3       100%        4
 Alistair's Intoxication  Tmut/Pois      0%         N/A       100%        5
 Borgnjor's Vile Clutch   Necr/Erth      0%         N/A       100%        5
 Eringya's Noxious Bog    Tmut/Pois      0%         N/A       100%        6
 Starburst                Conj/Fire      0%         6d3       100%        6


Dungeon Overview and Level Annotations

Branches:
Dungeon (3/15)

Altars:


Innate Abilities, Weirdness & Mutations

You have a pair of horns on your head.
You reflexively headbutt those who attack you in melee.


Message History

The gnoll attacks as you move away! The gnoll closely misses you.
The gnoll attacks as you move away! The gnoll closely misses you.
The gnoll attacks as you move away! The gnoll barely misses you.
You furiously retaliate!
You headbutt the gnoll!
j - a +0 mace (weapon)
You closely miss the gnoll.
The gnoll is severely wounded.
The gnoll closely misses you. x2; You furiously retaliate!
You headbutt the gnoll!
You kill the gnoll!
You hit the gnoll.
The gnoll is lightly wounded.
The gnoll hits you with a +0 whip.
You hit the gnoll. You headbutt the gnoll!
The gnoll is almost dead.
The gnoll hits you with a +0 whip. x2
You hit the gnoll but do no damage. You headbutt the gnoll.
You kill the gnoll!
You have reached level 4!
You feel agile.
You hit the gnoll but do no damage. The gnoll barely misses you.
You hit the gnoll but do no damage. The gnoll closely misses you.
The gnoll hits you with a +0 flail.
You hit the gnoll.
The gnoll is lightly wounded.
The gnoll closely misses you.
You closely miss the gnoll.
The gnoll is lightly wounded.
The gnoll hits you with a +0 flail.
You hit the gnoll but do no damage. You headbutt the gnoll.
The gnoll is lightly wounded.
The gnoll hits you with a +0 flail. The gnoll barely misses you.
You thump the gnoll!
The gnoll is severely wounded.
The gnoll hits you with a +0 flail!
* * * LOW HITPOINT WARNING * * *
You barely miss the gnoll.
The gnoll is severely wounded.
The gnoll hits you with a +0 flail!
You die...

#.# #.# #.. #.# ...
#.# b.# #.# g.# #.#
..# #.# ..#
#.############..###.
#..@g...............
###############.####
#


You could see a gnoll.

Vanquished Creatures
  2 adders (D:2)
  2 gnolls (D:3)
  A worm (D:2)
  2 orcs
  4 bats
  An endoplasm (D:1)
  3 goblins
  A hobgoblin (D:2)
  3 jackals (D:3)
  A quokka (D:2)
  3 ball pythons
  3 frilled lizards (D:1)
  A rat (D:2)
27 creatures vanquished.

Notes
Turn   | Place    | Note
-------+----------+-------------------------------------------
     0 | D:1      | coffeetime the Minotaur Hunter began the quest for the Orb.
     0 | D:1      | Reached XP level 1. HP: 18/18 MP: 0/0
   236 | D:1      | Reached XP level 2. HP: 25/25 MP: 1/1
   551 | D:2      | Reached skill level 5 in Ranged Weapons
   749 | D:1      | Reached XP level 3. HP: 11/30 MP: 2/2
  1267 | D:3      | Reached skill level 1 in Armour
  1330 | D:3      | Reached XP level 4. HP: 23/37 MP: 3/3
  1336 | D:3      | Slain by a gnoll

Illustrated notes

Levels and vault maps discovered:
D:1:      heliophobic_arrival_battle_scene, layout_rooms,
          hangedman_abyss_or_decor_lesser_grid, minmay_misc_feat_tiny
D:2:      minmay_angry_zag, layout_basic, serial_glass, glass_columns_a,
          glass_columns_b, minmay_misc_feat_four_crosses,
          kennysheep_cluttered_room, kennysheep_flooded_box
D:3:      layout_basic, okawaru_altar_gauntlet_db, mainiacjoe_overflow_catwalk

Skill      XL: |  1  2  3 |
---------------+----------+-----
Ranged Weapons | 5 |  5.8
Armour         | 1 |  1.0
Fighting       | |  2.8
Maces & Flails | |  0.2
Dodging        | |  2.3
Stealth        | |  0.7

Action                     |  1- 3 |  4- 6 || total
---------------------------+-------+-------++-------
  Melee: Club              |     1 |       ||     1
         Mace              |     8 |     7 ||    15
         Headbutt          |     3 |     1 ||     4
   Fire: Shortbow          |    63 |       ||    63
 Armour: Ring mail         |    30 |       ||    30
  Dodge: Dodged            |    41 |     4 ||    45

Table legend: (Time is in decaauts)
 A = Elapsed time spent in this place.
 B = Non-inter-level travel time spent in this place.
 C = Inter-level travel time spent in this place.
 D = Time resting spent in this place.
 E = Time spent auto-exploring this place.
 F = Levels seen in this place.
 G = Mean time per level.
                   A        B        C        D        E       F      G
               +--------+--------+--------+--------+--------+-----+--------+
         Total |   1353 |   1202 |    151 |      0 |    490 |   3 |  451.0 |
       Dungeon |   1353 |   1202 |    151 |      0 |    490 |   3 |  451.0 |
               +--------+--------+--------+--------+--------+-----+--------+

Top non-repeatable levels by time:
     D:1: 567 daAuts
     D:2: 538 daAuts
     D:3: 246 daAuts
